 Dungeon Crawl Stone Soup version 0.30-a0-358-g0d69a1922f (webtiles) character file.

Game seed: 4298050724789839557

2576 hikkokomori the Grappler (level 9, -2/89 HPs)
             Began as a Troll Fighter on Nov 9, 2022.
             Was a Follower of Wu Jian.
             Slain by a steam dragon (8 damage)
             ... on level 7 of the Dungeon.
             The game lasted 00:07:31 (4602 turns).

hikkokomori the Grappler (Troll Fighter)            Turns: 4602, Time: 00:07:31

Health: -2/89      AC:  4    Str: 40    XL:     9   Next: 32%
Magic:  0/8        EV:  8    Int:  6    God:    Wu Jian [*.....]
Gold:   374        SH:  8    Dex:  9    Spells: 8/8 levels left

rFire   . . .      SeeInvis .      - Unarmed
rCold   . . .      Faith    .    b - +0 kite shield
rNeg    . . .      Spirit   +    a - +0 robe
rPois   .          Reflect  .    (helmet restricted)
rElec   .          Harm     .    (no cloak)
rCorr   .          Rampage  .    (gloves unavailable)
Will    .....                    (boots unavailable)
Stlth   +.........               v - amulet of guardian spirit
HPRegen 1.14/turn                k - +6 ring of strength
MPRegen 0.11/turn                p - +6 ring of strength

@: no status effects
A: large, unfitting armour, claws 3, regeneration 1, shaggy fur 1, tough skin 1
a: Renounce Religion


You were on level 7 of the Dungeon.
You worshipped Wu Jian.
Wu Jian was aware of your devotion.
You visited 2 branches of the dungeon, and saw 8 of its levels.

You collected 416 gold pieces.
You spent 42 gold pieces at shops.

Inventory:

Missiles
 s - 6 javelins (quivered)
Armour
 a - a +0 robe (worn)
 b - a +0 kite shield (worn)
Jewellery
 k - a +6 ring of strength (left claw)
 p - a +6 ring of strength (right claw)
 u - a +6 ring of intelligence
 v - an amulet of guardian spirit (around neck)
 D - a +6 ring of intelligence
Wands
 n - a wand of quicksilver (9)
Scrolls
 g - a scroll of magic mapping {unknown}
 h - 3 scrolls of fear {unknown}
 j - 5 scrolls of identify {unknown}
 o - a scroll of teleportation {unknown}
 q - a scroll of noise {unknown}
 t - a scroll of enchant armour {unknown}
 x - a scroll of butterflies {unknown}
 y - a scroll of enchant weapon {unknown}
 A - a scroll of brand weapon {unknown}
 C - a scroll of vulnerability {unknown}
 E - a scroll of amnesia {unknown}
Potions
 c - 2 potions of might
 d - a potion of magic {unknown}
 e - 3 potions of degeneration {unknown}
 f - 4 potions of curing
 i - a potion of ambrosia {unknown}
 l - a potion of brilliance {unknown}
 m - a potion of haste {unknown}
 r - 2 potions of mutation {unknown}
 w - a potion of cancellation {unknown}
 z - a potion of berserk rage {unknown}
 B - a potion of attraction {unknown}
 F - a potion of heal wounds {unknown}


   Skills:
 + Level 5.8 Fighting
 - Level 2.4 Dodging
 + Level 6.4 Shields
 * Level 9.2 Unarmed Combat


You had 8 spell levels left.
You didn't know any spells.
Your spell library was empty.

Dungeon Overview and Level Annotations

Branches:
Dungeon (7/15)             Temple (1/1) D:6

Altars:
Ashenzari
Cheibriados
Elyvilon
Fedhas
Gozag
Hepliaklqana
Kikubaaqudgha
Makhleb
Nemelex Xobeh
Okawaru
Qazlal
Ru
Sif Muna
Trog
Vehumet
Wu Jian
Xom
Yredelemnul
Zin

Shops:
D:1 ([:(?   D:2 !


Innate Abilities, Weirdness & Mutations

You are too large for most types of armour.
You have claws for hands.
Your natural rate of healing is unusually fast.
You are covered in fur. (AC +1)
You have tough skin. (AC +1)


Message History

The kobold brigand throws a poisoned dart.
You block the poisoned dart.
You feel better.
The kobold throws a poisoned dart.
The poisoned dart closely misses you.
You claw the kobold brigand!
The kobold brigand is severely wounded.
The kobold brigand barely misses you.
You barely miss the kobold brigand.
The kobold brigand is severely wounded.
The kobold brigand barely misses you.
You barely miss the kobold brigand.
The kobold brigand is severely wounded.
The kobold brigand hits you but does no damage.
You claw the kobold brigand!
You kill the kobold brigand!
The Council accepts your kill.
You completely miss the kobold. You claw the kobold!
You kill the kobold!
The Council accepts your kill. The steam dragon breathes steam at you.
The ball of steam hits the kobold!
The kobold dies!
The ball of steam hits you!!
* * * LOW HITPOINT WARNING * * *
You hear an angry hiss.
You lunge at the steam dragon.
You claw the steam dragon!
The steam dragon is heavily wounded.
You are engulfed in a cloud of scalding steam.
* * * LOW HITPOINT WARNING * * *
The kobold hits you with a +0 short sword.
The steam dragon completely misses you. The steam dragon claws you.
* * * LOW HITPOINT WARNING * * *
Items here: (( ))) ††.
You barely miss the steam dragon.
The steam dragon is heavily wounded.
You are engulfed in a cloud of scalding steam.
* * * LOW HITPOINT WARNING * * *
The steam dragon bites you!
You die...

#.# #.#.### .........#
#.# #...... .........#
#.# ##.#### .........#
#.# #..# #
.........######.# #.##
.$..............####.###
......./########>......#
.......$########.......#
........D@§§§......<...#
........K#######.......#
.........# #.......#
.........# #########
.........# ........##
#......## #######


You could see a steam dragon and a kobold.

Vanquished Creatures
  Prince Ribbit (D:5)
  A slime creature (D:6)
  Sigmund (D:2)
  A shadow (D:6)
  A sky beast (D:4)
  2 black bears (D:4)
  An ogre (D:5)
  2 phantoms
  A kobold brigand (D:7)
  3 scorpions
  4 bullfrogs
  A howler monkey (D:5)
  2 hounds
  8 jellies
  An orc priest (D:6)
  A gnoll bouda (D:6)
  2 iguanas (D:6)
  2 orc wizards (D:6)
  12 gnolls
  12 adders
  2 white imps
  2 ufetubi (D:4)
  2 worms
  5 dart slugs
  11 orcs
  7 ball pythons
  24 endoplasms
  4 giant cockroaches
  18 goblins
  8 hobgoblins
  3 jackals (D:2)
  8 kobolds
  2 quokkas
  11 bats
  5 frilled lizards
  2 rats
  A spectral orc (D:5)
174 creatures vanquished.

Vanquished Creatures (others)
  A kobold (D:7)
  6 fungi (D:6)
7 creatures vanquished.

Grand Total: 181 creatures vanquished

Notes
Turn   | Place    | Note
-------+----------+-------------------------------------------
     0 | D:1      | hikkokomori the Troll Fighter began the quest for the Orb.
     0 | D:1      | Reached XP level 1. HP: 22/22 MP: 0/0
    28 | D:1      | Found Vofuemp's Magic Scroll Emporium.
   187 | D:1      | Found Toiqaakk's Weapon Boutique.
   208 | D:1      | Reached XP level 2. HP: 27/29 MP: 1/1
   346 | D:1      | Found Focwuus's Book Shop.
   375 | D:1      | Found Penud's Antique Weapon Boutique.
   491 | D:1      | Reached XP level 3. HP: 36/36 MP: 2/2
   573 | D:1      | Found Askuotasatt's Antique Armour Shoppe.
   881 | D:2      | Reached skill level 3 in Unarmed Combat
   920 | D:2      | Found Juso's Distillery.
   925 | D:2      | Bought a potion of curing for 42 gold pieces
   931 | D:2      | Noticed Sigmund
  1093 | D:2      | Killed Sigmund
  1094 | D:2      | Reached skill level 4 in Unarmed Combat
  1094 | D:2      | Reached XP level 4. HP: 24/45 MP: 3/3
  1094 | D:2      | Reached XP level 5. HP: 28/53 MP: 4/4
  1223 | D:2      | You fall into a shaft and drop 1 floor!
  1397 | D:2      | Found a faded altar of an unknown god.
  1696 | D:3      | Reached XP level 6. HP: 42/61 MP: 5/5
  2276 | D:4      | Noticed a sky beast
  2282 | D:4      | Killed a sky beast
  2283 | D:4      | Reached skill level 5 in Unarmed Combat
  2312 | D:4      | Found a bloodstained altar of Trog.
  2348 | D:4      | Reached XP level 7. HP: 60/68 MP: 6/6
  2604 | D:4      | Reached skill level 6 in Unarmed Combat
  2925 | D:5      | Entered Level 5 of the Dungeon
  3075 | D:5      | Found a snail-covered altar of Cheibriados.
  3170 | D:5      | Noticed Prince Ribbit
  3185 | D:5      | Killed Prince Ribbit
  3186 | D:5      | Reached skill level 5 in Shields
  3186 | D:5      | Reached skill level 7 in Unarmed Combat
  3186 | D:5      | Reached XP level 8. HP: 35/79 MP: 7/7
  3401 | D:5      | Found a hazy altar of Hepliaklqana.
  3489 | D:5      | Found a blossoming altar of Fedhas.
  3794 | D:6      | Reached skill level 5 in Fighting
  3803 | D:6      | Found a staircase to the Ecumenical Temple.
  3862 | Temple   | Entered the Ecumenical Temple
  3891 | Temple   | Became a worshipper of the Wu Jian Council
  3976 | D:6      | Reached skill level 8 in Unarmed Combat
  4029 | D:6      | Found a stormy altar of Qazlal.
  4067 | D:6      | Found a sacrificial altar of Ru.
  4175 | D:6      | Reached XP level 9. HP: 88/88 MP: 8/8
  4313 | D:6      | Reached * piety under Wu Jian
  4318 | D:6      | Reached skill level 9 in Unarmed Combat
  4602 | D:7      | Slain by a steam dragon

Illustrated notes

Levels and vault maps discovered:
D:1:      ebering_trefoil_twist, layout_loops_corners, serial_shops,
          nicolae_square_shop, shop_coins, nicolae_square_shop,
          nicolae_shop_crystal, shop
D:2:      layout_basic, hellmonk_ecumenical_altar_arch_garden, serial_shops,
          shop, hex_medium, uniq_sigmund
D:3:      layout_basic, nicolae_elevator_lobby_asterisk
D:4:      cheibrodos_greedy_goblins, layout_layer_cave, trog_ov_bears_minmay
D:5:      layout_loops_ring, nicolae_hepliaklqana_monster_ancestors,
          lemuel_round_altar, mainiacjoe_overflow_tiny_flanked,
          uniq_prince_ribbit1
D:6:      lemuel_slime, layout_cave_pools, nicolae_ru_great_annihilating_truth,
          grunt_qazlal_clouds, minmay_temple_entry_ruins,
          amcnicky_mini_pool_small, amcnicky_mini_rare_corridor_liquid
D:7:      lemuel_ice_spiral_2, layout_rooms
Temple:   nicolae_temple_ecumenical_triangle

Skill      XL: |  1  2  3  4  5  6  7  8  9 |
---------------+----------------------------+-----
Shields        | 3 4 5 6 |  6.4
Unarmed Combat | 4 5 7 8 9 |  9.2
Fighting       | 3 4 5 |  5.8
Dodging        | |  2.4

Action                   |  1- 3 |  4- 6 |  7- 9 || total
-------------------------+-------+-------+-------++-------
Melee: Unarmed           |    93 |    99 |   255 ||   447
Throw: Javelin           |       |       |     1 ||     1
Invok: Lunge             |       |       |     9 ||     9
       Whirlwind         |       |       |     1 ||     1
Evoke: Wand              |       |       |     2 ||     2
  Use: Potion            |       |       |     1 ||     1
 Stab: Sleeping          |     1 |       |     1 ||     2
Armor: Robe              |    25 |    30 |    37 ||    92
Dodge: Dodged            |    40 |    42 |    66 ||   148
Block: Kite shield       |    33 |    38 |    85 ||   156

Table legend: (Time is in decaauts)
 A = Elapsed time spent in this place.
 B = Non-inter-level travel time spent in this place.
 C = Inter-level travel time spent in this place.
 D = Time resting spent in this place.
 E = Time spent auto-exploring this place.
 F = Levels seen in this place.
 G = Mean time per level.
                   A        B        C        D        E       F      G
               +--------+--------+--------+--------+--------+-----+--------+
         Total |   4611 |   4319 |    292 |      0 |   3276 |   8 |  576.4 |
       Dungeon |   4563 |   4281 |    282 |      0 |   3268 |   7 |  651.9 |
        Temple |     48 |     38 |     10 |      0 |      8 |   1 |   48.0 |
               +--------+--------+--------+--------+--------+-----+--------+

Top non-repeatable levels by time:
     D:1: 907 daAuts
     D:5: 774 daAuts
     D:4: 741 daAuts
     D:6: 684 daAuts
     D:2: 664 daAuts
     D:3: 626 daAuts
     D:7: 163 daAuts
  Temple: 48 daAuts
